 Dungeon Crawl Stone Soup version 0.25-a0-681-gdf4e720381 (webtiles) character file.

Game seed: 996565912382626946, levelgen mode: deterministic

14331 Flugslaktarn the Cleaver (level 11, -3/103 HPs)
             Began as a Deep Dwarf Fighter on Mar 30, 2020.
             Was an Elder of Makhleb.
             Killed from afar by Nergalle (34 damage)
             ... with a bolt of negative energy
             ... on level 2 of the Lair of Beasts.
             The game lasted 00:06:52 (8243 turns).

Flugslaktarn the Cleaver (Deep Dwarf Fighter)       Turns: 8243, Time: 00:06:53

Health: -3/103     AC: 18    Str: 25    XL:     11   Next: 87%
Magic:  4/4        EV:  7    Int:  9    God:    Makhleb [****..]
Gold:   582        SH: 12    Dex: 16    Spells: 10/10 levels left

rFire    + + .     SeeInvis .   z - +9 war axe of the Mushroom {venom, *Drain rF++ Dex+4}
rCold    . . .     Gourm    .   i - +0 kite shield
rNeg     . . .     Faith    .   j - +3 chain mail
rPois    +         Spirit   .   H - +0 helmet (curse)
rElec    +         Reflect  .   (no cloak)
rCorr    .         Harm     .   k - +2 pair of gloves
MR       +++..                  (no boots)
Stlth    ..........             (no amulet)
HPRegen  0.00/turn              o - ring of poison resistance
MPRegen  0.09/turn              m - ring of protection from magic

@: lethally poisoned (-3 -> -3), non-regenerating, heavily drained
A: damage resistance, heal wounds, magic resistance 1, sense surroundings 2,
electricity resistance, strong 1, wild magic 1, no regeneration
a: Heal Wounds, Minor Destruction, Lesser Servant of Makhleb, Major Destruction,
Renounce Religion


You were on level 2 of the Lair of Beasts.
You worshipped Makhleb.
Makhleb was greatly pleased with you.
You were not hungry.

You visited 3 branches of the dungeon, and saw 13 of its levels.

You collected 1601 gold pieces.
You spent 1019 gold pieces at shops.

Inventory:

Hand Weapons
 a - a +1 war axe
 z - the +9 war axe of the Mushroom (weapon) {venom, *Drain rF++ Dex+4}
   (You found it on level 1 of the Lair of Beasts)

   It poisons the flesh of those it strikes.
   It affects your dexterity (+4).
   It greatly protects you from fire.
   It causes draining when unequipped.
Missiles
 E - a throwing net (quivered)
Armour
 i - a +0 kite shield (worn)
 j - a +3 chain mail (worn)
   (You took it off an orc warrior on level 7 of the Dungeon)
 k - a +2 pair of gloves (worn)
   (You found it on level 3 of the Dungeon)
 s - a +0 plate armour
   (You found it on level 4 of the Dungeon)
 H - a cursed +0 helmet (worn)
   (You found it on level 9 of the Dungeon)
Jewellery
 c - an uncursed ring of protection from cold
   (You took it off a hobgoblin on level 1 of the Dungeon)
 m - a ring of protection from magic (right hand)
   (You found it on level 5 of the Dungeon)
 o - a ring of poison resistance (left hand)
   (You found it on level 8 of the Dungeon)
 p - a +5 ring of dexterity
   (You found it on level 3 of the Dungeon)
 B - an uncursed ring of protection from magic
   (You found it on level 6 of the Dungeon)
Wands
 f - a wand of iceblast (10)
   (You took it off Ijyb on level 4 of the Dungeon)
Scrolls
 h - 2 scrolls of fog
 r - 4 scrolls of identify
 t - 7 scrolls of teleportation
 x - 4 scrolls of remove curse
 y - 2 scrolls of magic mapping
 C - a scroll of blinking {unknown}
 F - a scroll of fear
 G - a scroll of enchant armour
 I - a scroll of enchant weapon
 J - a scroll of immolation {unknown}
Potions
 b - 2 potions of mutation
 d - 2 potions of might
 g - 2 potions of invisibility
 l - 4 potions of brilliance {unknown}
 n - 4 potions of resistance
 q - 7 potions of curing
 u - 4 potions of cancellation
 v - 2 potions of flight
 w - 8 potions of heal wounds
 D - 3 potions of stabbing
Comestibles
 e - 8 rations
 A - 2 chunks of flesh


   Skills:
 + Level 8.0(6.5) Fighting
 * Level 12.6(11.0) Axes
 + Level 9.6(8.1) Armour
 + Level 9.5(8.0) Shields
 + Level 8.6(7.2) Invocations


You had 10 spell levels left.
You didn't know any spells.
Your spell library was empty.

Dungeon Overview and Level Annotations

Branches:
Dungeon (10/15)            Temple (1/1) D:6            Lair (2/6) D:10
  Snake (0/4) Lair:2          Orc (0/2) D:10
  Swamp: Lair:2-4    Shoals: Lair:2-4

Altars:
Ashenzari
Cheibriados
Dithmenos
Elyvilon
Fedhas
Gozag
Hepliaklqana
Kikubaaqudgha
Makhleb
Nemelex Xobeh
Okawaru
Qazlal
Ru
Sif Muna
Trog
Uskayaw
Vehumet
Wu Jian
Xom
Yredelemnul
Zin
The Shining One
Beogh

Shops:
D:6 :   D:7 !%?   D:8 :=

Annotations:
D:9 Psyche
Lair:2 Nergalle


Innate Abilities, Weirdness & Mutations

You are resistant to damage.
You can heal yourself by infusing magical energy.
You passively map the area around you.
You do not regenerate.
You are resistant to hostile enchantments. (MR+)
You are resistant to electric shocks. (rElec)
Your muscles are strong. (Str +2)
Your spells are a little harder to cast, but a little more powerful.


Message History

A - 2 chunks of flesh (gained 1)
You see here an adder skeleton. x2
Nergalle the Soulbinder comes into view.
She is wielding a +0 dagger.
Nergalle shouts!
Nergalle is nearby!
Nergalle is nearby!
Nergalle is nearby!
Nergalle gestures at you while chanting.
The bolt of negative energy hits you!!
You feel drained. Nergalle hits you but does no damage.
You barely miss Nergalle. Nergalle hits you but does no damage.
You hit Nergalle but do no damage.
Nergalle is poisoned.
You block Nergalle's attack.
You barely miss Nergalle.
Nergalle is lightly wounded.
You slash Nergalle!
Nergalle is moderately wounded.
Nergalle points at you and mumbles some strange words.
The bolt of negative energy hits you!!!
You feel drained.
You die...

,,, ,,............ ,
,,,....
................ , ,
, ....
.......)........ , ,
.....
,................. ,
, .....
.................
#....##P...#
##########
**.#..P.#....#####
##P.# ,
......o......... ....
, #.@#...# * #.. ,
,###....##* , ### ,
,, ,* ##....# ### , ,
##..### ### ##.÷ , ,
...#....## ##.###...
*
#.........###.†##...#
* *
##...##..÷#.........#
, , ,
*#####..P....#....#..
, , ,, * *
##..P...###.##..


You could see Nergalle.

Vanquished Creatures
  Fannar (Lair:1)
  3 death yaks (D:10)
  A manticore (D:9)
  The ghost of kelmiir the Shield-Bearer, a novice GrFi of Hepliaklqana (D:7)
  3 black mambas (Lair:2)
  A spiny frog (Lair:1)
  A troll (D:10)
  2 hippogriffs
  Sigmund (D:5)
  2 humans (D:7)
  A wyvern (D:8)
  14 yaks
  2 hungry ghosts
  Menkaure (D:6)
  4 wargs (D:10)
  2 water moccasins (Lair:2)
  2 black bears
  7 orc warriors
  6 sky beasts
  5 ogres
  3 phantoms
  4 centaurs
  A wolf (Lair:1)
  A crocodile (D:9)
  A big kobold (D:9)
  8 bullfrogs
  A scorpion (D:10)
  4 killer bees (D:10)
  8 wights (D:10)
  3 bullfrog zombies
  A crimson imp (D:10)
  A centaur zombie (D:5)
  A jelly (D:9)
  10 orc priests
  A bullfrog skeleton (D:7)
  A centaur skeleton (D:10)
  6 orc wizards
  Ijyb (D:4)
  2 iguanas (D:9)
  9 worker ants
  3 hound skeletons
  11 gnolls
  A howler monkey skeleton (D:4)
  9 adders
  3 river rats
  A worm (D:5)
  2 dart slugs (D:2)
  9 leopard geckos
  37 orcs
  8 giant cockroaches
  4 goblins
  8 hobgoblins
  6 jackals (D:8)
  3 quokkas
  A ball python (D:3)
  A ball python skeleton (D:4)
  5 bats
  6 frilled lizards
  10 kobolds
  A quokka skeleton (D:7)
  5 rats
261 creatures vanquished.

Vanquished Creatures (collateral kills)
  A hydra (Lair:1)
  A water moccasin (Lair:1)
  A bullfrog (Lair:1)
3 creatures vanquished.

Grand Total: 264 creatures vanquished

Notes
Turn   | Place    | Note
-------+----------+-------------------------------------------
     0 | D:1      | Flugslaktarn the Deep Dwarf Fighter began the quest for the
                  | Orb.
     0 | D:1      | Reached XP level 1. HP: 20/20 MP: 1/1
    51 | D:1      | Reached XP level 2. HP: 27/27 MP: 2/2
   189 | D:2      | Reached skill level 3 in Axes
   189 | D:2      | Reached XP level 3. HP: 20/34 MP: 3/3
   346 | D:3      | Noticed a sky beast
   376 | D:2      | Killed a sky beast
   376 | D:2      | Reached skill level 4 in Axes
   376 | D:2      | Reached XP level 4. HP: 32/42 MP: 4/4
   376 | D:2      | Reached XP level 5. HP: 37/49 MP: 5/5
   423 | D:3      | Found a basalt altar of Yredelemnul,
   500 | D:3      | Noticed an air elemental
   502 | D:3      | Found a stormy altar of Qazlal,
   508 | D:3      | Noticed a fire elemental
   508 | D:3      | Noticed a water elemental
   609 | D:3      | Found an ornate altar of the Wu Jian Council,
   879 | D:4      | Noticed an ogre
   887 | D:4      | Killed an ogre
   887 | D:4      | Reached XP level 6. HP: 23/56 MP: 5/5
  1060 | D:4      | Noticed Ijyb
  1072 | D:4      | Killed Ijyb
  1072 | D:4      | Reached skill level 5 in Axes
  1647 | D:5      | Entered Level 5 of the Dungeon
  1718 | D:5      | Reached XP level 7. HP: 26/64 MP: 4/4
  1824 | D:5      | Reached skill level 5 in Shields
  1906 | D:5      | Reached skill level 5 in Armour
  2097 | D:5      | Noticed Sigmund
  2131 | D:5      | Killed Sigmund
  2131 | D:5      | Reached skill level 6 in Axes
  2296 | D:5      | Found a glowing drain,
  2574 | D:6      | Found Mennuof's Book Emporium,
  2604 | D:6      | Reached XP level 8. HP: 49/73 MP: 4/4
  2611 | D:6      | Reached skill level 7 in Axes
  2780 | D:6      | Reached skill level 5 in Fighting
  2817 | D:6      | Found a staircase to the Ecumenical Temple,
  2836 | Temple   | Entered the Ecumenical Temple
  3041 | Temple   | Became a worshipper of Makhleb the Destroyer
  3224 | D:6      | Reached skill level 1 in Invocations
  3242 | D:6      | Reached skill level 8 in Axes
  3307 | D:6      | Noticed Menkaure
  3312 | D:6      | Killed Menkaure
  3431 | D:6      | Gained mutation: You passively map the area around you.
                  | [Deep Dwarf growth]
  3431 | D:6      | Reached XP level 9. HP: 58/81 MP: 3/3
  3889 | D:7      | Found a runed translucent gate,
  3890 | D:7      | Found a runed translucent gate,
  3890 | D:7      | Noticed kelmiir's ghost (novice GrFi)
  3891 | D:7      | Found a runed translucent gate,
  3891 | D:7      | Identified the +6 short sword of Jugeb {vorpal, Int+2}
  3895 | D:7      | Found a roughly hewn altar of Beogh,
  3994 | D:7      | Found Poleotof's Magic Scroll Boutique,
  4005 | D:7      | Bought a scroll of fear for 35 gold pieces
  4005 | D:7      | Bought a scroll of identify for 20 gold pieces
  4005 | D:7      | Bought a scroll of identify for 20 gold pieces
  4005 | D:7      | Bought a scroll of identify for 20 gold pieces
  4019 | D:7      | Identified a scroll of acquirement
  4027 | D:7      | Found an opulent altar of Gozag,
  4275 | D:7      | Found Ruoh Edo's Food Boutique,
  4371 | D:7      | Found an iron altar of Okawaru,
  4397 | D:7      | Found Ciosk's Distillery,
  4403 | D:7      | Bought 2 potions of resistance for 280 gold pieces
  4403 | D:7      | Bought a potion of mutation for 112 gold pieces
  4403 | D:7      | Bought a potion of mutation for 112 gold pieces
  4403 | D:7      | Bought a potion of mutation for 112 gold pieces
  4405 | D:7      | Gained mutation: Your spells are a little harder to cast,
                  | but a little more powerful. [potion of mutation]
  4405 | D:7      | Gained mutation: Your muscles are strong. (Str +2) [potion
                  | of mutation]
  4405 | D:7      | Gained mutation: You are resistant to electric shocks.
                  | (rElec) [potion of mutation]
  4405 | D:7      | Gained mutation: You are resistant to hostile enchantments.
                  | (MR+) [potion of mutation]
  4407 | D:7      | Bought a potion of heal wounds for 70 gold pieces
  4407 | D:7      | Bought a potion of might for 56 gold pieces
  4407 | D:7      | Bought a potion of invisibility for 112 gold pieces
  4407 | D:7      | Bought a potion of heal wounds for 70 gold pieces
  4602 | D:7      | Reached * piety under Makhleb
  4602 | D:7      | Reached skill level 9 in Axes
  4760 | D:7      | HP: 3/82 [orc warrior/the +6 short sword of Jugeb {vorpal,
                  | Int+2} (4)]
  4776 | D:7      | Killed kelmiir's ghost
  5118 | D:8      | Found Jeromis's Book Shop,
  5424 | D:8      | Found Hakohos's Jewellery Emporium,
  5442 | D:8      | Reached skill level 5 in Invocations
  5442 | D:8      | Reached XP level 10. HP: 60/91 MP: 3/3
  6085 | D:9      | Found a hazy altar of Hepliaklqana,
  6131 | D:9      | Noticed Psyche
  6159 | D:9      | Reached skill level 10 in Axes
  6202 | D:9      | Reached ** piety under Makhleb
  6431 | D:9      | Noticed a manticore
  6449 | D:9      | Killed a manticore
  6511 | D:9      | Got a jewelled scale mail
  6700 | D:10     | Entered Level 10 of the Dungeon
  6821 | D:10     | Reached skill level 11 in Axes
  6941 | D:10     | Reached *** piety under Makhleb
  7022 | D:10     | Reached XP level 11. HP: 50/100 MP: 4/4
  7087 | D:10     | Found a staircase to the Orcish Mines,
  7160 | D:10     | Noticed a death yak
  7160 | D:10     | Noticed a death yak
  7162 | D:10     | Found a staircase to the Lair,
  7162 | D:10     | Noticed a death yak
  7182 | D:10     | Killed a death yak
  7184 | D:10     | Killed a death yak
  7196 | D:10     | Reached **** piety under Makhleb
  7203 | D:10     | Killed a death yak
  7425 | D:10     | Reached skill level 12 in Axes
  7587 | Lair:1   | Entered Level 1 of the Lair of Beasts
  7604 | Lair:1   | Noticed a five-headed hydra
  7620 | Lair:1   | Killed a nine-headed hydra
  7691 | Lair:1   | Got a transparent war axe
  7692 | Lair:1   | Identified the +9 war axe of the Mushroom {venom, *Drain
                  | rF++ Dex+4} (You found it on level 1 of the Lair of Beasts)
  7808 | Lair:1   | Noticed Fannar
  7831 | Lair:1   | Killed Fannar
  8207 | Lair:2   | Found a staircase to the Snake Pit,
  8237 | Lair:2   | Noticed Nergalle
  8243 | Lair:2   | Killed from afar by Nergalle

Levels and vault maps discovered:
D:1:      roderic_chinese_lattice_arrival, layout_basic
D:2:      layout_loops_corners, first_ration, minmay_stone_trees_small
D:3:      layout_loops_cross, yredelemnul_altar_generic,
          nicolae_overflow_hidden_temple, nicolae_qazlal_style_of_elements
D:4:      layout_cave_pods, uniq_ijyb
D:5:      layout_loops_ring, gup_sewer_entry_spiral,
          chequers_serial_rivers_room_a, uniq_sigmund
D:6:      layout_basic, minmay_temple_entry_proselytizer, serial_shops,
          nicolae_shop_waterfront, uniq_menkaure
D:7:      layout_loops_ring, overflow_temple_1_default,
          biasface_ghost_orc_armoury, serial_rivers,
          chequers_serial_rivers_small_a, chequers_serial_rivers_micro_e,
          chequers_serial_rivers_large_a, chequers_serial_rivers_micro_c,
          chequers_serial_rivers_small_b, chequers_serial_rivers_micro_e,
          serial_shops, shop_fountains, nicolae_shop_trees, shop, okawaru_humans
D:8:      layout_layer_cave, serial_shops, shop, kennysheep_mini
D:9:      layout_loops_ring, kennysheep_mini_moat, small_statue_intersection,
          uniq_psyche
D:10:     layout_irregular_city, dpeg_lair_monsters, minmay_orc_entry_guard_dogs
Temple:   eino_narrow_crystal_temple
Lair:1:   layout_hall_layers, st_stairs_9, chequers_serial_rivers_micro_d,
          uniq_fannar
Lair:2:   minmay_lair_venomous_thicket, layout_long_grid,
          minmay_snake_entry_six_corridors, nicolae_volcano_entry_two_sided,
          uniq_nergalle

Skill      XL: |  1  2  3  4  5  6  7  8  9 10 11 |
---------------+----------------------------------+-----
Fighting       | 3 4 5 6 7 8 |  8.0
Axes           | 3 4 5 6 8 9 11 12 | 12.6
Armour         | 4 5 6 7 8 9 |  9.6
Shields        | 4 5 6 7 8 9 |  9.5
Invocations    | 2 5 7 8 |  8.6

Action                   |  1- 3 |  4- 6 |  7- 9 | 10-12 || total
-------------------------+-------+-------+-------+-------++-------
Melee: War axe           |    93 |   166 |   390 |   453 ||  1102
Invok: Lesser Servant of |       |       |       |     2 ||     2
 Abil: Heal Wounds       |     2 |     5 |    16 |    11 ||    34
  Use: Scroll            |       |     4 |    14 |       ||    18
       Potion            |       |       |     2 |     1 ||     3
 Stab: Sleeping          |       |       |       |     1 ||     1
  Eat: Chunk             |       |     3 |    13 |    14 ||    30
       Ration            |       |       |       |     1 ||     1
Armor: Scale mail        |    37 |    40 |       |       ||    77
       Plate armour      |       |    39 |   198 |       ||   237
       Chain mail        |       |     9 |    41 |   277 ||   327
Dodge: Dodged            |    40 |    54 |    81 |   102 ||   277
Block: Kite shield       |    53 |    93 |   242 |   284 ||   672

Table legend:
 A = Non-vault XP
 B = Vault XP
 C = Vault XP percentage of total XP
 D = Non-vault monster count
 E = Vault monster count
 F = Vault count percentage of total count
                 A         B        C        D         E       F
            +---------+---------+-------+---------+---------+-------
      Total |   12179 |    8295 |  40.5 |     217 |      47 |  17.8
            +---------+---------+-------+---------+---------+-------
        D:1 |      36 |       0 |   0.0 |      22 |       0 |   0.0
        D:2 |     155 |       0 |   0.0 |       8 |       0 |   0.0
        D:3 |      66 |       0 |   0.0 |      20 |       0 |   0.0
        D:4 |     286 |      36 |  11.2 |      18 |       1 |   5.3
        D:5 |     332 |     282 |  45.9 |       4 |       8 |  66.7
        D:6 |    1505 |     206 |  12.0 |      28 |       2 |   6.7
        D:7 |     570 |    1355 |  70.4 |       8 |      15 |  65.2
        D:8 |     776 |       0 |   0.0 |      17 |       0 |   0.0
        D:9 |    3024 |       0 |   0.0 |      33 |       0 |   0.0
       D:10 |    3907 |    3346 |  46.1 |      53 |      10 |  15.9
     Lair:1 |    1522 |    1414 |  48.2 |       6 |       4 |  40.0
     Lair:2 |       0 |    1656 | 100.0 |       0 |       7 | 100.0
            +---------+---------+-------+---------+---------+-------
